 Dungeon Crawl Stone Soup version 0.19-a0-450-g98b348d (webtiles) character file.

128 Goblin1989 the Sneak (level 5, -1/26 HPs)
             Began as a Vine Stalker Assassin on June 1, 2016.
             Slain by an orc
             ... wielding a +0 trident
              (3 damage)
             ... on level 3 of the Dungeon.
             The game lasted 00:03:54 (2032 turns).

Goblin1989 the Sneak (Vine Stalker Assassin)        Turns: 2032, Time: 00:03:55

Health: -1/26      AC:  6    Str: 14    XL:     5   Next: 12%
Magic:  0/6        EV:  7    Int: 11    God:
Gold:   84         SH:  7    Dex: 16    Spells: 0 memorised, 4 levels left

rFire  . . .     SeeInvis .     b - +0 blowgun
rCold  . . .     Gourm    .     v - +0 ring mail
rNeg   . . .     Faith    .     r - +0 shield
rPois  .         Spirit   +     (no helmet)
rElec  .         Dismiss  .     d - +0 cloak
rCorr  .         Reflect  .     (no gloves)
SustAt .         Harm     .     (no boots)
MR     .....                    (no amulet)
Stlth  +++.......               (no ring)
                                (no ring)

@: not resistant to hostile enchantments, fairly stealthy
A: fangs 2, regeneration 1, magic shield, antimagic bite, no device heal 3, rot
immunity
a: no special abilities


You were on level 3 of the Dungeon.
You were near starving.

You visited 1 branch of the dungeon, and saw 3 of its levels.

You collected 84 gold pieces.

Inventory:

Hand Weapons
 a - a +2 dagger
 b - a +0 blowgun (weapon)
Missiles
 e - 8 poisoned needles (quivered)
 f - a curare-tipped needle
 j - 56 stones
 s - 48 sling bullets
Armour
 d - a +0 cloak (worn)
 r - a +0 shield (worn)
 v - a +0 ring mail (worn)
Scrolls
 h - 2 scrolls of teleportation {unknown}
 i - a scroll of enchant armour {unknown}
 l - a scroll of blinking {unknown}
 m - 2 scrolls of identify {unknown}
 w - a scroll of enchant weapon {unknown}
 x - a scroll of fear {unknown}
Potions
 c - a potion of might {unknown}
 k - a potion of resistance {unknown}
 p - a potion of lignification {unknown}
 t - 2 potions of agility {unknown}
 u - a potion of curing {unknown}
Comestibles
 g - 3 bread rations
 n - a slice of pizza
 o - a meat ration
 q - 2 beef jerkies


   Skills:
 - Level 1.7 Fighting
 * Level 2.9 Short Blades
 - Level 1.7 Throwing
 - Level 0.7 Dodging
 + Level 7.1 Stealth


You had 4 spell levels left.
You didn't know any spells.

Dungeon Overview and Level Annotations

Branches:
Dungeon (3/15)

Altars:
Yredelemnul


Innate Abilities, Weirdness & Mutations

You have extremely sharp teeth.
Your natural rate of healing is unusually fast.
When hurt, damage is shared between your health and your magic reserves.
Your bite disrupts and absorbs the magic of your enemies.
Potions and wands cannot restore your health.
You are immune to rotting.


Message History

The orc priest barely misses you. You block the orc's attack.
Unknown command.
You hit the orc priest but do no damage.
You bite the orc priest, but do no damage.
You block the orc's attack. The orc hits you but does no damage.
You block the orc priest's attack. You block the orc's attack.
The orc hits you with a falchion.
* * * LOW HITPOINT WARNING * * *
Unknown command.
Wield which item (- for none, * to show all)? (? for menu, Esc to quit)
b - a +0 blowgun (weapon)
The orc hits you from afar with a trident.
* * * LOW HITPOINT WARNING * * *
The orc barely misses you. The orc priest barely misses you.
Aim: an orc priest, wearing a ring mail (lightly wounded)
You shoot a curare-tipped needle.
The curare-tipped needle barely misses the orc priest.
The orc hits you but does no damage. x3
The orc hits you from afar with a trident.
You die...

................
..................[..'##
.....................#..
..........##......†..#.'
..........##.........#.#
##.....#.............#.#
#....................#.#
#.....o[.............#.#
#(....o@.............#.+
#.....oo#######......#..
###..o..# #......+##
#.....# #.........
...<...# ##########
..#.....# # #.....#
#######


You could see an orc priest and 4 orcs.

Vanquished Creatures
  Jessica (D:2)
  3 adders
  3 dart slugs (D:2)
  3 giant geckos
  A ball python (D:1)
  2 giant cockroaches
  2 gnoll zombies (D:2)
  9 goblins
  4 hobgoblins
  3 jackals (D:1)
  2 quokkas
  11 bats
  5 giant newts
  10 kobolds
  7 rats
66 creatures vanquished.

Notes
Turn   | Place    | Note
--------------------------------------------------------------
     0 | D:1      | Goblin1989 the Vine Stalker Assassin began the quest for the Orb.
     0 | D:1      | Reached XP level 1. HP: 11/11 MP: 2/2
    29 | D:1      | Reached skill level 5 in Stealth
    60 | D:1      | Reached XP level 2. HP: 14/15 MP: 3/3
   304 | D:1      | Reached XP level 3. HP: 10/18 MP: 4/4
   606 | D:2      | Noticed Jessica
   613 | D:2      | Killed Jessica
   613 | D:2      | Reached skill level 6 in Stealth
   613 | D:2      | Reached XP level 4. HP: 23/23 MP: 5/5
  1505 | D:2      | Found a basalt altar of Yredelemnul.
  1784 | D:3      | Reached skill level 7 in Stealth
  1784 | D:3      | Reached XP level 5. HP: 25/26 MP: 6/6
  2031 | D:3      | HP: 1/26 [orc/trident (1)]
  2032 | D:3      | Slain by an orc

Vault maps used:
D:1:      minmay_arrival_three_doors, hangedman_decor_points
D:2:      lemuel_zombie_altar_yredelemnul, first_bread, uniq_jessica
D:3:      makhleb_altar_promises_db, minivault_11, minmay_distorted,
          uniq_natasha, uniq_crazy_yiuf_cottage

Skill      XL: |  1  2  3  4 |
---------------+-------------+-----
Stealth        | 5 6 7 |  7.1
Short Blades   | 2 |  2.9
Fighting       | |  1.7
Throwing       | |  1.7
Dodging        | |  0.7

Action                   |  1- 3 |  4- 6 || total
-------------------------+-------+-------++-------
Melee: Dagger            |    89 |   101 ||   190
       Bite              |    16 |    24 ||    40
 Fire: Blowgun           |       |     1 ||     1
 Stab: Sleeping          |     8 |     7 ||    15
  Eat: Royal jelly       |       |     1 ||     1
Armor: Robe              |    21 |     1 ||    22
       Ring mail         |       |    49 ||    49
Dodge: Dodged            |    46 |    44 ||    90
Block: Shield            |       |    45 ||    45
